 Dungeon Crawl Stone Soup version 0.26.1-2-gb8aa6d0cf2 (webtiles) character file.

Game seed: 15228611379773833351

0 RaHiT the Sneak (level 1, 0/16 HPs)
             Began as an Octopode Delver on Feb 18, 2021.
             Slain by an orc
             ... wielding a +2 flail of holy wrath
              (3 damage)
             ... on level 3 of the Dungeon.
             The game lasted 00:02:00 (123 turns).

RaHiT the Sneak (Octopode Delver)                    Turns: 123, Time: 00:02:01

Health: 0/16       AC:  1    Str: 11    XL:     1   Next: 0%
Magic:  1/1        EV: 13    Int: 12    God:
Gold:   0          SH:  0    Dex: 13    Spells: 0/0 levels left

rFire    . . .     SeeInvis .     - Unarmed
rCold    . . .     Faith    .   (no shield)
rNeg     . . .     Spirit   .   (helmet restricted)
rPois    .         Reflect  .   (no amulet)
rElec    .         Harm     .   (no ring)
rCorr    .         Rampage  .   (no ring)
Will     .....                  (no ring)
Stlth    ++++......             (no ring)
HPRegen  0.05/turn              (no ring)
MPRegen  0.07/turn              (no ring)
                                (no ring)
                                (no ring)

@: no status effects
A: almost no armour, stealthy swim, amphibious, 8 rings, constrict 8, camouflage
1, gelatinous body 1
a: no special abilities


You were on level 3 of the Dungeon.
You visited 1 branch of the dungeon, and saw 3 of its levels.

Inventory:

Wands
 e - a wand of digging (3)
Scrolls
 a - a scroll of fog
 b - a scroll of magic mapping
Potions
 d - a potion of haste


   Skills:
 - Level 3.0 Fighting
 - Level 2.0 Dodging
 + Level 6.6 Stealth
 - Level 2.0 Unarmed Combat


You couldn't memorise any spells.
You didn't know any spells.
Your spell library was empty.

Dungeon Overview and Level Annotations

Branches:
Dungeon (5/15)
 Temple: D:4-7

Altars:
Kikubaaqudgha


Innate Abilities, Weirdness & Mutations

You cannot wear most types of armour.
You are very stealthy in the water. (Stealth+)
You are amphibious.
You can wear up to eight rings at the same time.
You can use your tentacles to constrict eight enemies at once.
Your skin changes colour to match your surroundings (Stealth+).
Your rubbery body absorbs attacks. (AC +1, EV +1)


Message History

The bat closely misses you. The bat hits you but does no damage.
You closely miss the bat. Your grab misses the bat.
You squeeze the bat, but do no damage. The bat misses you.
The bat barely misses you.
You closely miss the bat. Your grab misses the bat. The bat hits you.
The bat barely misses you. The orc completely misses you.
You tentacle-slap the orc. Your grab misses the orc.
The orc is lightly wounded.
The bat hits you but does no damage. The bat barely misses you.
The orc hits you.
You tentacle-slap the orc but do no damage.
You grab the orc. Your squeeze misses the orc.
The orc is lightly wounded.
You constrict the orc, but do no damage.
The bat barely misses you.
The orc escapes!
The bat completely misses you.
You closely miss the bat. Your grab misses the bat. The bat hits you.
The orc hits you.
* * * LOW HITPOINT WARNING * * *
The orc hits you with a +2 flail of holy wrath.
You die...

....# ..##
..o. ... ..o#
g.### #..#
.... #.. ..#
#.#######..#
###o.........#
#oo......>...#
#@#########..#
#b# ..... #.#
#b#### #.# .#
#.# .# #.. #
###


You could see 3 orcs and a bat.

Vanquished Creatures (others)
  4 withered plants (D:5)
4 creatures vanquished.

Notes
Turn   | Place    | Note
-------+----------+-------------------------------------------
     0 | D:5      | RaHiT the Octopode Delver began the quest for the Orb.
     0 | D:5      | Reached XP level 1. HP: 16/16 MP: 1/1
    11 | D:5      | Found an ancient bone altar of Kikubaaqudgha.
    14 | D:5      | Noticed a centaur
    36 | D:5      | Noticed a sky beast
    48 | D:5      | Noticed a centaur
    78 | D:4      | Noticed a phantom
   115 | D:3      | Noticed a worker ant
   123 | D:3      | Slain by an orc

Illustrated notes

Levels and vault maps discovered:
D:3:      layout_loops_ring
D:4:      layout_loops_corners, old_standard_altar, gammafunk_ghost_icy,
          uniq_robin, uniq_pikel, uniq_eustachio, uniq_natasha, uniq_ijyb
D:5:      layout_basic, gammafunk_temple_overflow_statue,
          nicolae_overflow_crystal_walls, kiku_gazebo_garden_becter,
          minmay_temple_entry_stoned_glass, nicolae_gozag_seed_capital,
          uniq_crazy_yiuf_cottage

Action                   || total
-------------------------++-------
Melee: Unarmed           ||     5
       Constrict         ||     1
       Tentacles         ||     1
  Use: Scroll            ||     1
Armor: Skin              ||     2
Dodge: Dodged            ||     8
